[Event "FIDE Open World Rapid 2024"]
[Site "New York"]
[Date "2024.12.27"]
[Round "8.1"]
[White "Carlsen, Magnus"]
[Black "Tari, Aryan"]
[Result "1-0"]
[ECO "A06"]
[WhiteElo "2831"]
[BlackElo "2629"]
[Annotator "TA"]
[PlyCount "79"]
[EventDate "2024.12.14"]
[EventType "swiss"]
[EventCountry "USA"]
[SourceTitle "playchess.com"]
[Source "ChessBase"]
[SourceQuality "1"]
[TimeControl "900+10"]

1. Nf3 d5 2. e3 Nf6 3. b3 Bf5 4. Be2 h6 5. Ba3 Nbd7 6. c4 e6 7. Bxf8 Nxf8 8. O-O N8d7 9. cxd5 exd5 10. b4 O-O 11. Nc3 c6 12. Qb3 Re8 13. b5 Qa5 14. Rfc1 Nc5 15. Qd1 Ne6 16. bxc6 bxc6 17. Qa4 Qb6 18. d4 a5 19. Qd1 Nd7 20. Na4 Qb7 21. Bd3 Bxd3 22. Qxd3 Qb4 23. Qd1 Rec8 24. Rab1 Qd6 {[%emt 0:00:01] [#]} ({Black should try} 24... Qe7 $14) 25. Nb6 (25. Ne5 $1 $16 {[%cal Re5d7] Nxd7 would now be deadly.} Nxe5 26. dxe5 Qxe5 27. Nb6) 25... Nxb6 $14 26. Rxb6 Qa3 27. h3 ({Don't play} 27. Rbxc6 Rxc6 28. Rxc6 Qxa2 $11) 27... c5 {[%emt 0:00:45] [#]} (27... Nd8 $16) 28. Rb3 $1 $18 Qa4 (28... Qxa2 $2 29. Ra1 $18) 29. dxc5 Rxc5 $2 (29... Nxc5 $2 30. Rxc5 Qxa2 (30... Rxc5 $2 {too greedy.} 31. Rb8+ Rxb8 32. Qxa4 $18) 31. Rxc8+ (31. Rxd5 a4 $18) (31. Qxd5 Rd8 $18) 31... Rxc8 32. Rb7 $18 (32. Qxd5 a4 $18)) (29... Rab8 30. c6 (30. Qxd5 Rxb3 31. axb3 Qa3 $16) (30. Rxb8 Qxd1+ 31. Rxd1 Rxb8 $16) 30... Qxa2) 30. Rxc5 Nxc5 31. Qxd5 Rc8 32. Rc3 Qb4 33. Rc1 Qa3 34. Rc4 Qxa2 35. Rxc5 Qb1+ 36. Kh2 Rxc5 37. Qxc5 a4 38. Nd4 Qb2 39. Qc8+ Kh7 40. Qc2+ 1-0

[Event "FIDE Open World Rapid 2024"]
[Site "New York"]
[Date "2024.12.28"]
[Round "8.1"]
[White "Petrosian, Tigran L."]
[Black "Karthik Venkataraman"]
[Result "0-1"]
[ECO "A34"]
[WhiteElo "2551"]
[BlackElo "2603"]
[Annotator "ChessBase"]
[PlyCount "154"]
[EventDate "2024.12.14"]
[EventType "swiss"]
[EventCountry "USA"]
[SourceTitle "playchess.com"]
[Source "ChessBase"]
[SourceQuality "1"]
[TimeControl "900+10"]

1. Nf3 c5 2. c4 Nc6 3. Nc3 Nf6 4. g3 e6 5. Bg2 Qb6 6. O-O Be7 7. b3 O-O 8. Bb2 d5 9. Na4 Qa5 10. Rc1 d4 11. d3 e5 12. a3 h6 13. Nd2 Bf5 14. b4 cxb4 15. c5 bxa3 16. Bxa3 Be6 17. Ra1 Qc7 18. Qc2 Nd5 19. Nc4 Rab8 20. Rfb1 Qd7 21. Rc1 Rfc8 22. Qd1 Bf8 23. Bh1 Be7 24. Bg2 Rd8 25. Qc2 h5 26. h4 g6 27. Rab1 Rdc8 28. Qd1 Kg7 29. Qd2 f6 30. Qd1 Bf8 31. Qd2 Kh7 32. Qc2 Nd8 33. Qb3 Be7 34. Qd1 Nc6 35. Qc2 Qd8 36. Rb5 Nc7 37. Rb3 Na6 38. Rcb1 Qd7 39. Rb5 Nd8 40. Qc1 Qe8 41. Qc2 Bd7 42. Ra5 Nc6 43. Rab5 Ncb4 44. R5xb4 Nxb4 45. Rxb4 b5 46. Rb1 bxc4 47. Rxb8 Rxb8 48. c6 Bxa3 49. cxd7 Qxd7 50. dxc4 Be7 51. Bd5 Kg7 52. Nb2 f5 53. Nd3 Qc7 54. Qa4 Rd8 55. Kg2 Bd6 56. Qa1 Qb6 57. Ne1 e4 58. Nc2 Be5 59. e3 Bf6 60. exd4 a5 61. Qa3 Rd7 62. Qa4 Re7 63. c5 Qb2 64. Qc4 Qb8 65. c6 f4 66. gxf4 Qxf4 67. Ne3 Bxh4 68. Qe2 a4 69. Ba2 Rc7 70. d5 Bf6 71. Qd1 Be5 72. Qxa4 Qh2+ 73. Kf1 Qh1+ 74. Ke2 Qf3+ 75. Kf1 Rf7 76. Nd1 e3 77. Qc2 e2+ 0-1

[Event "FIDE Open World Rapid 2024"]
[Site "New York"]
[Date "2024.12.27"]
[Round "8.2"]
[White "Duda, Jan-Krzysztof"]
[Black "Naroditsky, Daniel"]
[Result "1-0"]
[ECO "E94"]
[WhiteElo "2740"]
[BlackElo "2619"]
[Annotator "TA"]
[PlyCount "79"]
[EventDate "2024.12.14"]
[EventType "swiss"]
[EventCountry "USA"]
[SourceTitle "playchess.com"]
[Source "ChessBase"]
[SourceQuality "1"]
[TimeControl "900+10"]

1. d4 Nf6 2. c4 g6 3. Nc3 Bg7 4. e4 d6 5. Nf3 O-O 6. Be2 Na6 7. O-O e5 8. Re1 Bg4 9. Be3 exd4 10. Nxd4 (10. Qxd4 Bxf3 11. Bxf3 Ng4 $15) 10... Bxe2 11. Qxe2 {[%emt 0:00:05] White is slightly better.} Re8 12. f3 c6 13. Rad1 Nd7 14. Kh1 Nac5 15. Nb3 {[%emt 0:01:27] Black must now prevent Bxc5.} Nxb3 16. axb3 Qc7 17. Qd2 Re6 18. Ne2 a5 19. Bd4 Bxd4 20. Nxd4 Ree8 21. Qg5 Kh8 22. Nc2 Re6 23. Ra1 Qb6 24. Qd2 {[%emt 0:01:06] White wants to play b4.} Qd8 (24... Ra6 $11 {might be stronger.}) 25. Ra3 {[%emt 0:00:50] White is more active.} Qf6 26. Rxa5 Rxa5 27. Qxa5 Qxb2 28. Qd8+ Kg7 29. Qxd7 Qxc2 30. Qxb7 $14 {[%emt 0:00:03][%mdl 4096] Endgame. KQR-KQR} Re5 31. Rg1 (31. Qxc6 Rg5 32. Rg1 (32. Qxd6 $2 Qxg2#) 32... Rxg2 33. Rxg2 Qd1+ 34. Rg1 Qxf3+ 35. Rg2 Qf1+ 36. Rg1 Qf3+ 37. Rg2 Qf1+ 38. Rg1 Qf3+ $11) 31... Rg5 32. h3 ({Of course not} 32. Qxc6 Rxg2 33. Qxd6 (33. Rxg2 Qd1+ 34. Rg1 Qxf3+ 35. Rg2 Qd1+ 36. Rg1 Qf3+ 37. Rg2 Qd1+ 38. Rg1 Qf3+ $11) 33... Rf2 $11 (33... Rxg1+ 34. Kxg1 Qxb3 35. Qd4+ Kg8 36. Kf2 $14)) 32... c5 (32... Rc5 $142) 33. Qe7 Qd2 34. Qa7 Qb2 35. Qa6 Qxb3 $2 {[%emt 0:02:03][%mdl 8192] A mistake that costs the game.} (35... Qd4 $16 36. Qa1 Qf6 37. Qxf6+ Kxf6) 36. Qa1+ $18 ({Less strong is} 36. Qxd6 Qxc4 37. Qd2 Re5 $11) 36... f6 37. Qa7+ Kg8 38. Ra1 {[%emt 0:00:52] [#] White wants to mate with Qa8+.} Re5 39. Qd7 (39. Qc7 $142 Re7 40. Qxe7 Qb8 41. Ra7 (41. Qxf6 Qf8 $18) 41... Qxa7 42. Qxa7 Kf8 43. Qxh7 g5 44. Qd7) 39... Qb8 40. Ra7 {[%emt 0:00:02] Weighted Error Value: White=0.10 (very precise) /Black=0.39.  Loses game:     	---       	Black=1      Mistake:       	---       	Black=2      Inaccurate:     	White=3     	Black=1      OK:         	White=9     	Black=11     Best:        	White=1     	Black=2} 1-0

[Event "FIDE Open World Rapid 2024"]
[Site "New York"]
[Date "2024.12.28"]
[Round "8.2"]
[White "Bok, Benjamin"]
[Black "Manafov, Vugar"]
[Result "0-1"]
[ECO "E32"]
[WhiteElo "2593"]
[BlackElo "2431"]
[Annotator "ChessBase"]
[PlyCount "128"]
[EventDate "2024.12.14"]
[EventType "swiss"]
[EventCountry "USA"]
[SourceTitle "playchess.com"]
[Source "ChessBase"]
[SourceQuality "1"]
[TimeControl "900+10"]

1. d4 Nf6 2. c4 e6 3. Nc3 Bb4 4. Qc2 O-O 5. a3 Bxc3+ 6. Qxc3 b6 7. Bg5 Bb7 8. e3 d6 9. f3 Nbd7 10. Bd3 Qe7 11. Ne2 c5 12. b4 cxd4 13. exd4 Rfc8 14. O-O Rc7 15. Rac1 Rac8 16. Qd2 Ba6 17. b5 Bb7 18. Rfe1 h6 19. Bh4 Qf8 20. a4 a5 21. Qa2 Re8 22. Qa3 d5 23. Qxf8+ Rxf8 24. Bxf6 gxf6 25. cxd5 Rxc1 26. Rxc1 Bxd5 27. Rc7 Rd8 28. Nc3 Bb3 29. Kf2 f5 30. Ke3 Nf6 31. Rc6 Rb8 32. Bxf5 Bd5 33. Rd6 Ne8 34. Rd7 Nf6 35. Rd6 Ne8 36. Rd7 Nf6 37. Rd6 Ne8 38. Rxd5 exd5 39. Nxd5 Kg7 40. Kd3 Nd6 41. Bd7 f5 42. g3 Kf7 43. Ke3 Nc4+ 44. Kf4 Nb2 45. Nc3 Rd8 46. Bxf5 Nxa4 47. Nxa4 Rxd4+ 48. Ke5 Rxa4 49. Kd5 Ra3 50. Kc6 Rxf3 51. g4 Rxf5 52. gxf5 a4 53. Kxb6 a3 54. Kc7 a2 55. b6 a1=Q 56. b7 Qe5+ 57. Kc8 Qxf5+ 58. Kc7 Qc5+ 59. Kd7 Qb6 60. Kc8 Qc6+ 61. Kb8 Ke7 62. h4 Kd7 63. h5 Qb6 64. Ka8 Kc7 0-1

[Event "FIDE Open World Rapid 2024"]
[Site "New York"]
[Date "2024.12.27"]
[Round "8.3"]
[White "Sindarov, Javokhir"]
[Black "Dominguez Perez, Leinier"]
[Result "1/2-1/2"]
[ECO "C50"]
[WhiteElo "2682"]
[BlackElo "2741"]
[Annotator "TA"]
[PlyCount "35"]
[EventDate "2024.12.14"]
[EventType "swiss"]
[EventCountry "USA"]
[SourceTitle "playchess.com"]
[Source "ChessBase"]
[SourceQuality "1"]
[TimeControl "900+10"]

1. e4 e5 2. Nf3 Nc6 3. Bc4 Bc5 4. Nc3 Nf6 5. d3 h6 6. O-O a6 7. Be3 d6 8. a4 O-O 9. Bxc5 dxc5 10. Nd5 Re8 11. Ne3 Rb8 12. a5 Ra8 13. Kh1 b5 {[%emt 0:01:33] The position is equal.} 14. axb6 cxb6 15. Bb5 Bb7 16. Bxc6 Bxc6 17. Qe1 a5 18. Qc3 {[%emt 0:01:50] An uneventful encounter.   Weighted Error Value: White=0.09 (flawless) /Black=0.08 (flawless) .  Inaccurate:     	White=1     	Black=1      OK:         	White=5     	Black=2} 1/2-1/2

[Event "FIDE Open World Rapid 2024"]
[Site "New York"]
[Date "2024.12.28"]
[Round "8.3"]
[White "Ibarra Jerez, Jose Carlos"]
[Black "Mamedov, Edgar"]
[Result "1-0"]
[ECO "B30"]
[WhiteElo "2556"]
[BlackElo "2441"]
[Annotator "ChessBase"]
[PlyCount "89"]
[EventDate "2024.12.14"]
[EventType "swiss"]
[EventCountry "USA"]
[SourceTitle "playchess.com"]
[Source "ChessBase"]
[SourceQuality "1"]
[TimeControl "900+10"]

1. e4 c5 2. Nf3 Nc6 3. Nc3 e5 4. Bc4 Be7 5. d3 d6 6. O-O Nf6 7. Ng5 O-O 8. f4 Bg4 9. Qe1 exf4 10. Bxf4 Nd4 11. Qd2 h6 12. Nf3 Nxf3+ 13. gxf3 Be6 14. Rae1 Kh7 15. Kh1 Nh5 16. Be3 Bh3 17. Rg1 f5 18. exf5 Bxf5 19. d4 cxd4 20. Qxd4 Bf6 21. Qd2 Be5 22. Bd4 Qh4 23. Bxe5 Qxc4 24. Qxd6 Rae8 25. Ne4 Qf7 26. Qd4 Bd7 27. Re3 Bc6 28. Bd6 Rd8 29. c4 Rfe8 30. Rge1 Qf5 31. c5 Kh8 32. Kg1 Re6 33. Ng3 Nxg3 34. hxg3 Rg6 35. Kf2 Qh3 36. Rg1 Qf5 37. Qd3 Qf7 38. b3 Rf6 39. Kg2 b6 40. b4 Qxa2+ 41. Kh3 Qf7 42. Kg2 Qa2+ 43. Kh3 Qf2 44. Rg2 Bd7+ 45. Kh2 1-0

[Event "FIDE Open World Rapid 2024"]
[Site "New York"]
[Date "2024.12.27"]
[Round "8.4"]
[White "Sargsyan, Shant"]
[Black "Erigaisi Arjun"]
[Result "0-1"]
[ECO "C01"]
[WhiteElo "2646"]
[BlackElo "2801"]
[Annotator "TA"]
[PlyCount "112"]
[EventDate "2024.12.14"]
[EventType "swiss"]
[EventCountry "USA"]
[SourceTitle "playchess.com"]
[Source "ChessBase"]
[SourceQuality "1"]
[TimeControl "900+10"]

1. e4 e6 2. d4 d5 3. exd5 exd5 4. Nf3 Nf6 5. Bd3 c5 6. c3 Bd6 7. O-O O-O 8. dxc5 Bxc5 9. Nbd2 Nc6 10. Nb3 Bb6 11. h3 Ne4 12. Nbd4 {[%emt 0:00:22] The position is equal.} Qf6 13. Be3 Bc7 14. c4 Nxd4 15. Bxd4 Qg6 16. Be5 Bb6 (16... Bxh3 $2 17. Nh4 (17. Bxc7 $2 Qxg2#) 17... Qg5 18. Bxc7 $18) 17. cxd5 Bxh3 18. Nh4 Qg5 {[%emt 0:02:39][%csl LRe5,LRh4] The board is on fire.} 19. Bxe4 Qxe5 (19... Qxh4 20. Bf3 $11) 20. Bxh7+ {[%emt 0:00:46] White is weak on the dark squares} Kxh7 21. Qd3+ (21. gxh3 Rad8 (21... Qxb2 22. Qf3 $11) 22. Qd3+ Kg8) 21... g6 22. Qxh3 Kg7 23. Qc3 Bd4 (23... Qxc3 $15 24. bxc3 Rac8) 24. Qd2 $11 {[%emt 0:02:19] [#] And now Nf3 would win.} Qe4 25. Nf3 Bf6 26. Rfe1 Qf5 27. Re3 Rh8 28. Nh2 {[%emt 0:00:12] [#]} (28. Rd1 $11 {remains equal.}) 28... Rh4 $1 $17 {[%emt 0:04:09] Black has more active pieces. Black converts the advantage convincingly.} 29. Qd3 Qxd3 (29... Bxb2 30. Rb1 Qxd3 31. Rxd3 $16) 30. Rxd3 Rah8 $1 (30... Bxb2 $6 31. Rb1 Rb4 32. d6 $11) 31. Rh3 Rxh3 (31... Bxb2 32. Rb1 Rxh3 33. gxh3 $11) 32. gxh3 Rxh3 {[%emt 0:00:02][%cal Oh3d3][%mdl 4096] Endgame. KRB-KRN} (32... Bxb2 33. Rb1 Bd4 34. Rxb7 $16) 33. Ng4 ({Better is} 33. Rd1) 33... Bxb2 34. Rb1 Bd4 35. Kg2 {[%emt 0:00:03] Inhibits Rg3+.} Rh5 36. d6 Rd5 37. Rxb7 Rxd6 38. Rb4 (38. a4 $17) 38... Bb6 $19 39. a4 (39. Rb2 $17 {was worth a try.}) 39... Rd4 40. Rxd4 Bxd4 {[%emt 0:00:01] KB-KN} 41. f4 $2 (41. Kf3) 41... f5 {[%emt 0:00:08] Black is clearly winning.} 42. Nh2 Kf7 43. Nf3 Bf6 44. Kf2 Ke6 {[%emt 0:00:01] Hoping for ...a5.} 45. Ke3 Kd5 46. Kd3 Kc5 47. a5 Kb5 48. a6 Kxa6 {[%emt 0:00:01] Strongly threatening ...Kb5.} 49. Kc4 Kb6 50. Ne1 a5 (50... Kc6 $142 51. Nf3 Kd6) 51. Nd3 Kc6 52. Nc5 Be7 53. Nb3 a4 54. Nd4+ Kd7 {[%emt 0:00:30] White must now prevent ...a3.} 55. Nf3 a3 {[%emt 0:00:05] ( -> ...a2)} 56. Kb3 Ke6 {[%emt 0:00:01] Weighted Error Value: White=0.59/Black=0.10 (very precise) .  Mistake:       	White=5     	Black=1      Inaccurate:     	White=5     	Black=1      OK:         	White=15    	Black=19     Best:        	White=2     	Black=4      Strong:       	---       	Black=2} 0-1

[Event "FIDE Open World Rapid 2024"]
[Site "New York"]
[Date "2024.12.28"]
[Round "8.4"]
[White "Moroni, Luca Jr"]
[Black "Banh Gia Huy"]
[Result "1-0"]
[ECO "E70"]
[WhiteElo "2550"]
[BlackElo "2422"]
[Annotator "ChessBase"]
[PlyCount "87"]
[EventDate "2024.12.14"]
[EventType "swiss"]
[EventCountry "USA"]
[SourceTitle "playchess.com"]
[Source "ChessBase"]
[SourceQuality "1"]
[TimeControl "900+10"]

1. c4 Nf6 2. Nc3 g6 3. e4 d6 4. d4 Bg7 5. Bd3 O-O 6. Nge2 Nc6 7. O-O Nd7 8. Bc2 e5 9. d5 Nd4 10. Nxd4 exd4 11. Ne2 Ne5 12. Nxd4 Nxc4 13. Rb1 Qf6 14. Ne2 Qe7 15. b3 Nb6 16. Be3 f5 17. exf5 Bxf5 18. Bxf5 Rxf5 19. Bxb6 axb6 20. Ng3 Rff8 21. a4 Be5 22. Rc1 Rf7 23. Rc4 Raf8 24. Ne4 c5 25. dxc6 bxc6 26. Rxc6 Bxh2+ 27. Kxh2 Qxe4 28. Rc4 Qe5+ 29. Kg1 b5 30. Rd4 bxa4 31. bxa4 Ra8 32. Rxd6 Ra5 33. Rd4 Kg7 34. Qd2 Ra6 35. Rd7 Rxd7 36. Qxd7+ Kh6 37. Qd2+ Qg5 38. Qd4 Qa5 39. Ra1 Ra7 40. Ra3 Qe1+ 41. Kh2 Ra5 42. Rh3+ Rh5 43. Qe3+ Qxe3 44. fxe3 1-0

[Event "FIDE Open World Rapid 2024"]
[Site "New York"]
[Date "2024.12.27"]
[Round "8.5"]
[White "Murzin, Volodar"]
[Black "Giri, Anish"]
[Result "1/2-1/2"]
[ECO "E11"]
[WhiteElo "2664"]
[BlackElo "2733"]
[Annotator "TA"]
[PlyCount "59"]
[EventDate "2024.12.14"]
[EventType "swiss"]
[EventCountry "USA"]
[SourceTitle "playchess.com"]
[Source "ChessBase"]
[SourceQuality "1"]
[TimeControl "900+10"]

1. d4 d5 2. c4 e6 3. Nf3 Nf6 4. g3 Bb4+ 5. Bd2 Be7 6. Bg2 O-O 7. O-O c6 8. Bf4 $1 dxc4 9. Ne5 Nd5 10. Nxc4 Nxf4 11. gxf4 Nd7 12. e3 Nb6 13. Nbd2 Bd7 (13... Nd5 {keeps more tension.} 14. Qh5 f6 15. Be4 f5) 14. Rc1 Be8 15. Kh1 Kh8 16. Rg1 Rg8 17. Ne4 Nxc4 18. Rxc4 Rc8 19. Rc1 b6 20. Bf3 f6 21. Qb3 Qd7 22. Rgd1 Bf7 23. Qa4 Rc7 24. Rc3 Rgc8 25. Ng3 g6 26. Rdc1 Be8 27. Qb3 Bf7 28. Qa4 Be8 29. Qb3 Bf7 30. Qa4 1/2-1/2

[Event "FIDE Open World Rapid 2024"]
[Site "New York"]
[Date "2024.12.28"]
[Round "8.5"]
[White "Ghaem Maghami, Ehsan"]
[Black "Chasin, Nico"]
[Result "0-1"]
[ECO "A28"]
[WhiteElo "2434"]
[BlackElo "2417"]
[Annotator "ChessBase"]
[PlyCount "82"]
[EventDate "2024.12.14"]
[EventType "swiss"]
[EventCountry "USA"]
[SourceTitle "playchess.com"]
[Source "ChessBase"]
[SourceQuality "1"]
[TimeControl "900+10"]

1. c4 Nf6 2. Nc3 e5 3. Nf3 Nc6 4. a3 g6 5. g3 Bg7 6. Bg2 O-O 7. O-O Re8 8. d3 h6 9. e4 a5 10. h3 d6 11. Be3 Nd7 12. Rb1 Nc5 13. b4 Ne6 14. Qd2 Kh7 15. Ne2 f5 16. b5 Ne7 17. Nh2 Nd4 18. Bxd4 exd4 19. Nf4 c6 20. Rfe1 Bd7 21. bxc6 bxc6 22. Re2 a4 23. Rbe1 Qb6 24. h4 Qb3 25. exf5 Nxf5 26. Be4 Qxa3 27. Nxg6 Rxe4 28. dxe4 Nxg3 29. fxg3 Kxg6 30. Rf2 Qc3 31. Qd1 a3 32. Rc2 Qb3 33. Nf3 a2 34. Nxd4 Qb6 35. c5 dxc5 36. Nf5 a1=Q 37. Qg4+ Kh7 38. Rxa1 Bxa1 39. Rd2 Qb1+ 40. Rd1 Bd4+ 41. Kh1 Qc2 0-1

[Event "FIDE Open World Rapid 2024"]
[Site "New York"]
[Date "2024.12.28"]
[Round "8.6"]
[White "Corrales Jimenez, Fidel"]
[Black "Bai, Adelard"]
[Result "0-1"]
[ECO "B33"]
[WhiteElo "2555"]
[BlackElo "2393"]
[Annotator "ChessBase"]
[PlyCount "118"]
[EventDate "2024.12.14"]
[EventType "swiss"]
[EventCountry "USA"]
[SourceTitle "playchess.com"]
[Source "ChessBase"]
[SourceQuality "1"]
[TimeControl "900+10"]

1. e4 c5 2. Nf3 Nc6 3. d4 cxd4 4. Nxd4 Qb6 5. Nb3 Nf6 6. Nc3 e6 7. a3 Qc7 8. Be2 a6 9. f4 d6 10. g4 b5 11. Bf3 Bb7 12. Qe2 Be7 13. g5 Nd7 14. h4 Rc8 15. Be3 Nb6 16. h5 Nc4 17. Bc1 O-O 18. a4 N4a5 19. Be3 b4 20. Nd1 d5 21. exd5 exd5 22. O-O d4 23. Bd2 d3 24. Qxd3 Rcd8 25. Qe3 Nc4 26. Qe1 Nxd2 27. Nxd2 Qxf4 28. Ne4 Nd4 29. Bg2 Qg4 30. Rf2 Bxg5 31. Nxg5 Qxg5 32. Qe3 Qg4 33. Qh3 Qxh3 34. Bxh3 Nf3+ 35. Kg2 Rfe8 36. Kg3 Ng5 37. Rf1 Rd2 38. Bf5 Rg2+ 39. Kf4 Ne6+ 40. Ke5 Rd2 41. Bd3 Rd8 42. Ne3 Bc8 43. Bc4 Kf8 44. h6 f6+ 45. Ke4 Ng5+ 46. Kf4 R8d4+ 47. Kg3 Ne4+ 48. Kf3 gxh6 49. Bd3 Ng5+ 50. Kg3 Kg7 51. Rf4 Rxf4 52. Kxf4 Rf2+ 53. Kg3 Rf3+ 54. Kh2 Rxe3 55. a5 Nf3+ 56. Kg2 Ne5 57. Kf2 Rf3+ 58. Ke2 Bg4 59. Bxa6 Ra3+ 0-1

[Event "FIDE Open World Rapid 2024"]
[Site "New York"]
[Date "2024.12.27"]
[Round "8.7"]
[White "Esipenko, Andrey"]
[Black "Caruana, Fabiano"]
[Result "1-0"]
[ECO "B31"]
[WhiteElo "2682"]
[BlackElo "2805"]
[Annotator "TA"]
[PlyCount "73"]
[EventDate "2024.12.14"]
[EventType "swiss"]
[EventCountry "USA"]
[SourceTitle "playchess.com"]
[Source "ChessBase"]
[SourceQuality "1"]
[TimeControl "900+10"]

1. e4 c5 2. Nf3 Nc6 3. Bb5 Nf6 4. Nc3 g6 5. O-O Bg7 6. Re1 O-O 7. Bxc6 bxc6 8. e5 Nd5 9. Nxd5 cxd5 10. d4 Qb6 (10... d6 $11) 11. dxc5 $14 {[%emt 0:00:49] White is slightly better.} Qxc5 12. Be3 Qc6 {[%emt 0:00:22] Black is weak on the dark squares} 13. Qd2 d6 14. Bh6 dxe5 15. Bxg7 Kxg7 16. Rxe5 e6 17. Rae1 Qc7 (17... Qb7 $5) 18. Nd4 Rb8 19. b3 Rb6 20. h4 Qd8 ({Black should play} 20... h5 $14) 21. h5 $16 Re8 22. f4 {[%emt 0:00:32] White is much more active.} Bd7 23. Qf2 Qf6 24. Qg3 (24. g4 {simplifies} Kg8 25. hxg6 hxg6 26. g5) 24... Rc8 25. R1e3 a5 26. a4 Kf8 27. c3 Rcb8 28. h6 Kg8 {[%emt 0:00:20] [#]} (28... R6b7 $14) 29. Qf2 (29. f5 $1 $18 {Black must now prevent fxe6.} Ra8 30. fxe6 Bxe6 31. Qe1) 29... Qd8 {[%emt 0:00:05] [#]} (29... Rf8 $14) 30. f5 $1 exf5 $2 {[%emt 0:00:03] Black cannot hold the game after this.} (30... Qf8 $16 {was necessary.}) 31. Rxd5 $18 Qc8 32. Qf4 {[%emt 0:00:15][%cal Of4e5] Qe5! is the strong threat.} ({Don't take} 32. Rxa5 Qf8 33. Ra7 Bxa4 34. Rxa4 Qxh6 $18) 32... R6b7 (32... Be6 $142) 33. Re7 {[%emt 0:00:36][%cal Od5d7] Hoping for Rdxd7!} Be6 {[%emt 0:00:06] [#]} 34. Qe5 {[%emt 0:00:07][%csl Gh6][%cal Re5g7] White mates.} Kf8 (34... Qf8 35. Rxb7) 35. Nxe6+ Kxe7 36. Ng5+ Kf8 37. Nxh7+ {[%emt 0:00:02] Weighted Error Value: White=0.08 (flawless) /Black=0.48.  Loses game:     	---       	Black=1      Mistake:       	White=1     	Black=5      Inaccurate:     	White=1     	Black=2      OK:         	White=18    	Black=9      Best:        	White=1     	Black=1      Strong:       	White=1     	---} 1-0

[Event "FIDE Open World Rapid 2024"]
[Site "New York"]
[Date "2024.12.28"]
[Round "8.7"]
[White "Zarnicki, Pablo"]
[Black "Harsha Bharathakoti"]
[Result "1/2-1/2"]
[ECO "B22"]
[WhiteElo "2514"]
[BlackElo "2531"]
[Annotator "ChessBase"]
[PlyCount "270"]
[EventDate "2024.12.14"]
[EventType "swiss"]
[EventCountry "USA"]
[SourceTitle "playchess.com"]
[Source "ChessBase"]
[SourceQuality "1"]
[TimeControl "900+10"]

1. e4 c5 2. c3 Nf6 3. e5 Nd5 4. Nf3 e6 5. g3 d6 6. exd6 Bxd6 7. Bg2 O-O 8. O-O Nc6 9. d4 cxd4 10. Nxd4 Nxd4 11. Qxd4 Qc7 12. Nd2 Bc5 13. Qe4 a5 14. Nb3 Bb6 15. c4 Nf6 16. Qe2 a4 17. Bf4 Qe7 18. Nd2 Re8 19. Rac1 Bc5 20. Rfd1 e5 21. Bg5 Bf5 22. Qf3 Qe6 23. Bxf6 gxf6 24. Ne4 Bd4 25. Qh5 Bg6 26. Qh4 Kg7 27. c5 Red8 28. Nd6 Qxa2 29. Nxb7 Qxb2 30. Nxd8 Rxd8 31. c6 a3 32. Qg4 Bxf2+ 33. Kh1 h5 34. c7 Rf8 35. Qd7 a2 36. c8=Q Rxc8 37. Qxc8 Bb1 38. Rc7 Bg6 39. Qa6 Bd4 40. Rf1 e4 41. Rcc1 e3 42. Ra1 e2 43. Rfe1 Bb1 44. Rxa2 Bxa2 45. Qxe2 Qxe2 46. Rxe2 Be6 47. Bf3 Kg6 48. h4 Be5 49. Kg2 Kh6 50. Rd2 Bf5 51. Rd8 Bg6 52. Ra8 Kg7 53. Ra4 Kh6 54. Be4 Kg7 55. Kf3 Kh6 56. Ra7 Bb8 57. Rb7 Bxe4+ 58. Kxe4 Bxg3 59. Kf5 Bxh4 60. Rxf7 Bg5 61. Rf8 Kg7 62. Rb8 h4 63. Rb3 Kh6 64. Kg4 Kg6 65. Rf3 Kf7 66. Kf5 Ke7 67. Rd3 Bh6 68. Rd1 Bg5 69. Rd4 Kf7 70. Rd7+ Ke8 71. Ke6 Kf8 72. Rb7 Kg8 73. Kf5 Kf8 74. Ra7 Ke8 75. Ke6 Kf8 76. Re7 Kg8 77. Kf5 Kf8 78. Re1 Kf7 79. Re2 Kf8 80. Kg6 h3 81. Rh2 Ke7 82. Rxh3 Kd6 83. Kf5 Kd5 84. Rd3+ Kc4 85. Rd7 Kc5 86. Ke6 Kc4 87. Rd1 Kc5 88. Kf5 Kc4 89. Ke4 Kc5 90. Rd7 Bh4 91. Rc7+ Kd6 92. Ra7 Kc5 93. Ra5+ Kd6 94. Rf5 Bg5 95. Rd5+ Ke6 96. Rd1 f5+ 97. Kf3 Ke5 98. Ra1 Ke6 99. Ra5 Kf6 100. Rb5 Ke6 101. Ke2 Kf6 102. Kd3 Ke6 103. Kd4 Bf6+ 104. Ke3 Bg5+ 105. Kf3 Kf6 106. Rb6+ Ke5 107. Rg6 Bd2 108. Rg8 Bc1 109. Re8+ Kf6 110. Ra8 Ke6 111. Ra5 Bd2 112. Ra2 Bg5 113. Re2+ Kf6 114. Re8 Bc1 115. Rc8 Bg5 116. Rc5 Ke6 117. Rb5 Kf6 118. Ke2 Ke6 119. Kd3 Bh4 120. Ra5 Bg5 121. Ra2 Ke5 122. Re2+ Kd5 123. Rg2 Bf4 124. Ra2 Bg5 125. Ra5+ Ke6 126. Rb5 Bh4 127. Kc4 Bg5 128. Kd4 Bf6+ 129. Kc5 Ke5 130. Kc6+ Ke4 131. Kd7 f4 132. Ke6 Bd4 133. Rh5 f3 134. Rf5 f2 135. Rxf2 Bxf2 1/2-1/2

[Event "FIDE Open World Rapid 2024"]
[Site "New York"]
[Date "2024.12.27"]
[Round "8.8"]
[White "Deac, Bogdan-Daniel"]
[Black "Aronian, Levon"]
[Result "1/2-1/2"]
[ECO "A30"]
[WhiteElo "2696"]
[BlackElo "2747"]
[Annotator "ChessBase"]
[PlyCount "47"]
[EventDate "2024.12.14"]
[EventType "swiss"]
[EventCountry "USA"]
[SourceTitle "playchess.com"]
[Source "ChessBase"]
[SourceQuality "1"]
[TimeControl "900+10"]

1. Nf3 Nf6 2. c4 b6 3. g3 c5 4. Bg2 Bb7 5. O-O g6 6. b3 Bg7 7. Bb2 O-O 8. Nc3 d5 9. Nxd5 Nxd5 10. Bxg7 Kxg7 11. cxd5 Qxd5 12. d4 cxd4 13. Qxd4+ Qxd4 14. Nxd4 Bxg2 15. Kxg2 Na6 16. Rac1 Rfc8 17. Nb5 Rc5 18. Rxc5 Nxc5 19. Rc1 a5 20. Rd1 Rc8 21. Na7 Rc7 22. Nb5 Rc8 23. Na7 Rc7 24. Nb5 1/2-1/2

[Event "FIDE Open World Rapid 2024"]
[Site "New York"]
[Date "2024.12.28"]
[Round "8.8"]
[White "Onischuk, Alexander"]
[Black "Smirnov, Mark"]
[Result "1-0"]
[ECO "A18"]
[WhiteElo "2640"]
[BlackElo "2336"]
[Annotator "ChessBase"]
[PlyCount "77"]
[EventDate "2024.12.14"]
[EventType "swiss"]
[EventCountry "USA"]
[SourceTitle "playchess.com"]
[Source "ChessBase"]
[SourceQuality "1"]
[TimeControl "900+10"]

1. c4 Nf6 2. Nc3 e6 3. e4 d5 4. e5 d4 5. exf6 dxc3 6. bxc3 Qxf6 7. Nf3 e5 8. Bd3 Nc6 9. O-O Bc5 10. Rb1 O-O 11. Qc2 h6 12. Be4 Rb8 13. Rb5 b6 14. Bxc6 Qxc6 15. Nxe5 Qe6 16. d4 a6 17. Rb1 Bd6 18. Bf4 Bxe5 19. Bxe5 Qxc4 20. Rb4 Qc6 21. c4 Bg4 22. d5 Qd7 23. h3 Bf5 24. Qb2 f6 25. Bg3 Rbc8 26. Rc1 Rfe8 27. d6 cxd6 28. Rxb6 Rc6 29. Qd4 Rec8 30. Rxc6 Rxc6 31. Kh2 Be6 32. a3 Qc8 33. Rd1 Bxc4 34. Bxd6 Bf7 35. Bg3 Rc4 36. Qa7 Be6 37. Qe7 Kh7 38. Rd8 Qc6 39. Rd6 1-0